 Dungeon Crawl Stone Soup version 0.28.0-45-g0d030f2227 (webtiles) character file.

Game seed: 15120761384931111946

124 McKennaii the Shield-Bearer (level 4, 0/38 HPs)
             Began as a Demigod Fighter on Apr 18, 2022.
             Slain by a black bear (2 damage)
             ... on level 4 of the Dungeon.
             The game lasted 00:01:27 (2262 turns).

McKennaii the Shield-Bearer (Demigod Fighter)       Turns: 2262, Time: 00:01:27

Health: 0/38       AC:  6    Str: 21    XL:     4   Next: 52%
Magic:  6/6        EV:  9    Int: 10    God:
Gold:   156        SH: 10    Dex: 13    Spells: 3/3 levels left

rFire   . . .      SeeInvis .   a - +0 trident
rCold   . . .      Faith    .   c - +0 buckler
rNeg    . . .      Spirit   .   b - +0 scale mail
rPois   .          Reflect  +   (no helmet)
rElec   .          Harm     .   (no cloak)
rCorr   .          Rampage  .   (no gloves)
Will    .....                   (no boots)
Stlth   ..........              g - amulet of reflection
HPRegen 0.12/turn               (no ring)
MPRegen 0.10/turn               (no ring)

@: no status effects
A: high MP 1, forlorn, divine attributes
a: no special abilities


You were on level 4 of the Dungeon.
You visited 1 branch of the dungeon, and saw 4 of its levels.

You collected 156 gold pieces.

Inventory:

Hand Weapons
 a - a +0 trident (weapon)
Armour
 b - a +0 scale mail (worn)
 c - a +0 buckler (worn)
Jewellery
 g - an amulet of reflection (around neck)
Scrolls
 f - 2 scrolls of identify {unknown}
 i - 2 scrolls of magic mapping {unknown}
 j - a scroll of teleportation {unknown}
 m - a scroll of torment {unknown}
 n - a scroll of amnesia {unknown}
Potions
 d - 3 potions of might
 e - a potion of haste {unknown}
 h - a potion of attraction {unknown}
 k - a potion of ambrosia {unknown}
 l - 2 potions of lignification {unknown}


   Skills:
 + Level 3.4 Fighting
 + Level 2.7 Polearms
 + Level 3.4 Armour
 + Level 3.4 Shields


You had 3 spell levels left.
You didn't know any spells.
Your spell library was empty.

Dungeon Overview and Level Annotations

Branches:
Dungeon (4/15)             Temple (0/1) D:4

Annotations:
D:3 3 runed translucent doors, Ablot's ghost, amateur GnCK


Innate Abilities, Weirdness & Mutations

You have an increased reservoir of magic. (+10% MP)
You shall have no god before yourself.
Your divine heritage dramatically boosts your attributes as you level up.


Message History

You block the black bear's attack. x2
The black bear claws you but does no damage.
You puncture the black bear!
The black bear is severely wounded.
You block the black bear's attack. The black bear closely misses you.
You block the black bear's attack. The black bear bites you.
You block the black bear's attack.
The black bear claws you but does no damage.
You barely miss the black bear.
The black bear is severely wounded.
The black bear goes berserk!
You barely miss the black bear.
The black bear is severely wounded.
You block the black bear's attack. The black bear claws you. x2
The black bear bites you. The black bear claws you. x2
You are too injured to fight recklessly!
You are too injured to fight recklessly!
You are too injured to fight recklessly!
You are too injured to fight recklessly!
You are too injured to fight recklessly!
You are too injured to fight recklessly!
You are too injured to fight recklessly!
You are too injured to fight recklessly!
You are too injured to fight recklessly!
You are too injured to fight recklessly!
You are too injured to fight recklessly!
You are too injured to fight recklessly!
You are too injured to fight recklessly!
You hit the black bear.
The black bear is almost dead.
The black bear barely misses you. The black bear claws you.
* * * LOW HITPOINT WARNING * * *
The black bear barely misses you. The black bear bites you!
* * * LOW HITPOINT WARNING * * *
The black bear barely misses you. You block the black bear's attack.
You hit the black bear but do no damage.
The black bear is almost dead.
The black bear bites you but does no damage.
The black bear claws you.
You die...

###+######
#.....#..#
#.⌠.⌠.##.#
+..>.h@<.#
#.⌠.⌠.#..#
#.....#†.#
###+###..#
####


You could see a black bear (berserk).

Vanquished Creatures
  A jelly (D:3)
  A gnoll (D:1)
  2 adders
  An adder skeleton (D:2)
  A dart slug (D:1)
  4 ball pythons
  5 bats
  7 endoplasms
  3 giant cockroaches
  6 goblins
  8 hobgoblins
  6 jackals
  2 quokkas (D:1)
  2 frilled lizards
  2 kobolds
  6 rats
57 creatures vanquished.

Notes
Turn   | Place    | Note
-------+----------+-------------------------------------------
     0 | D:1      | McKennaii the Demigod Fighter began the quest for the Orb.
     0 | D:1      | Reached XP level 1. HP: 18/18 MP: 3/3
   231 | D:1      | Reached XP level 2. HP: 19/25 MP: 4/4
   817 | D:1      | Reached XP level 3. HP: 31/31 MP: 5/5
  2008 | D:3      | Reached XP level 4. HP: 38/38 MP: 6/6
  2044 | D:3      | Found a runed translucent gate.
  2044 | D:3      | Noticed Ablot's ghost (amateur GnCK)
  2044 | D:3      | Identified the +3 whip of the Hidden Vale {flame, rN+ Str+4
                  | Dex-2}
  2045 | D:3      | Found a runed translucent gate.
  2046 | D:3      | Found a runed translucent gate.
  2251 | D:4      | Found a staircase to the Ecumenical Temple.
  2251 | D:4      | Noticed a black bear
  2262 | D:4      | Slain by a black bear

Illustrated notes

Levels and vault maps discovered:
D:1:      matt_arrival_los_fun, layout_rooms,
          hellmonk_ecumenical_altar_inner_sanctum, minmay_misc_feat_roman
D:2:      layout_rooms, minmay_tromino_i4
D:3:      layout_basic, lemuel_crystal_altar, biasface_ghost_orc_armoury
D:4:      kennysheep_kobold_camp, layout_basic, nicolae_overflow_hidden_temple,
          minmay_temple_entry_hall, serial_shops, nicolae_shop_statue_plus,
          uniq_eustachio, uniq_grinder

Skill      XL: |  1  2 |
---------------+-------+-----
Polearms       | 2 |  2.7
Shields        | 3 |  3.4
Armour         | 3 |  3.4
Fighting       | 3 |  3.4

Action                   |  1- 3 |  4- 6 || total
-------------------------+-------+-------++-------
Melee: Trident           |   174 |    20 ||   194
Armor: Scale mail        |    75 |    11 ||    86
Dodge: Dodged            |    75 |     9 ||    84
Block: Buckler           |    75 |    10 ||    85
